 Dungeon Crawl Stone Soup version 0.21-a0-442-g848f44b (webtiles) character file.

292 Dysjunc the Magician (level 6, -1/44 HPs)
             Began as a Gnoll Wizard on Nov 13, 2017.
             Slain by a worm (13 damage)
             ... on level 3 of the Dungeon.
             The game lasted 00:14:57 (3017 turns).

Dysjunc the Magician (Gnoll Wizard)                 Turns: 3017, Time: 00:14:58

Health: -1/44      AC:  3    Str: 10    XL:     6   Next: 33%
Magic:  6/16       EV: 14    Int: 22    God:
Gold:   189        SH:  0    Dex: 13    Spells: 6/19 levels left

rFire    + . .     SeeInvis .   l - -2 dagger (curse)
rCold    . . .     Gourm    .   (no shield)
rNeg     . . .     Faith    .   a - +0 robe
rPois    .         Spirit   .   b - +1 hat
rElec    .         Reflect  .   (no cloak)
rCorr    .         Harm     .   (no gloves)
MR       .....                  (no boots)
Stlth    +++.......             (no amulet)
HPRegen  0.14/turn              o - ring of protection from fire
MPRegen  0.15/turn              (no ring)

@: no status effects
A: distributed training, fangs 1, strong nose
a: no special abilities


You were on level 3 of the Dungeon.
You were hungry.

You visited 1 branch of the dungeon, and saw 3 of its levels.

You collected 189 gold pieces.

Inventory:

Hand Weapons
 f - a +0 dagger
 l - a cursed -2 dagger (weapon)
 m - a +0 morningstar
Missiles
 e - 15 poisoned needles
 j - 115 stones (quivered)
Armour
 a - a +0 robe (worn)
 b - a +1 hat (worn)
Jewellery
 o - a ring of protection from fire (left hand)
Scrolls
 i - a scroll of amnesia
Potions
 h - a potion of might
Books
 c - a book of Minor Magic

   Spells                             Type                      Level
   a - Magic Dart                     Conjuration                  1
   b - Blink                          Translocation                2
   c - Call Imp                       Summoning                    2
   d - Slow                           Hexes                        2
   e - Conjure Flame                  Conjuration/Fire             3
   f - Mephitic Cloud                 Conjuration/Poison/Air       3
Comestibles
 d - 7 bread rations
 g - 2 meat rations
 k - 4 fruits
 r - 2 royal jellies


   Skills:
 + Level 1.8 Fighting
 + Level 1.8 Short Blades
 + Level 1.8 Long Blades
 + Level 1.8 Axes
 + Level 1.8 Maces & Flails
 + Level 1.8 Polearms
 + Level 1.8 Staves
 + Level 1.8 Slings
 + Level 1.8 Bows
 + Level 1.8 Crossbows
 + Level 1.8 Throwing
 + Level 1.8 Armour
 + Level 4.9 Dodging
 + Level 4.5 Stealth
 + Level 1.8 Shields
 + Level 1.8 Unarmed Combat
 + Level 7.4 Spellcasting
 + Level 2.6 Conjurations
 + Level 1.4 Hexes
 + Level 1.4 Charms
 + Level 2.6 Summonings
 + Level 1.4 Necromancy
 + Level 2.6 Translocations
 + Level 1.4 Transmutations
 + Level 1.4 Fire Magic
 + Level 1.4 Ice Magic
 + Level 1.4 Air Magic
 + Level 1.4 Earth Magic
 + Level 1.4 Poison Magic
 + Level 2.0 Invocations
 + Level 1.8 Evocations


You had 6 spell levels left.
You knew the following spells:

 Your Spells              Type           Power        Failure   Level  Hunger
a - Slow                  Hex            ##......     6%          2    None
b - Blink                 Tloc           N/A          4%          2    None
q - Magic Dart            Conj           ###.         2%          1    None
w - Mephitic Cloud        Conj/Pois/Air  ###.....     11%         3    None
x - Conjure Flame         Conj/Fire      ###.....     11%         3    None
z - Call Imp              Summ           ###.....     4%          2    None


Dungeon Overview and Level Annotations

Branches:
Dungeon (3/15)

Altars:
Trog

Annotations:
D:3 Grinder


Innate Abilities, Weirdness & Mutations

Your experience applies equally to all skills.
You have very sharp teeth.
Your uncanny sense of smell can sniff out nearby items.


Message History

Your crimson imp blinks!
The worm bites you! The worm bites your crimson imp.
You hit the worm.
The worm is lightly wounded.
Your crimson imp blinks! x2
The worm bites you!
You hit the worm but do no damage. You bite the worm.
The worm is lightly wounded.
You are feeling hungry.
Your crimson imp hits the worm.
You hit the worm but do no damage.
The worm is lightly wounded.
Your crimson imp blinks!
The worm bites you!
* * * LOW HITPOINT WARNING * * *
Your crimson imp hits the worm but does no damage.
You completely miss the worm.
The worm is lightly wounded.
The worm bites you!
You die...

#.#.##.......#.##.#
####...##.##.#
#..##.##.##.#
#####.#####.#
##.......##..
##.........###
#....5w.....#
#.5†.###†...#
#.@w##y##...#
#....###5...#
##.....§...##
#)..._§..)#
##......)##
###..)### ####


You could see a moth of wrath, 2 worms and 3 friendly crimson imps.

Vanquished Creatures
  Robin (D:2)
  3 adders
  A worm (D:2)
  A leopard gecko (D:1)
  6 orcs
  3 giant cockroaches
  11 goblins
  8 hobgoblins
  2 quokkas (D:2)
  6 bats
  A frilled lizard (D:2)
  2 kobolds
  3 rats
48 creatures vanquished.

Vanquished Creatures (collateral kills)
  Sigmund (D:2)
  The ghost of pichaelthompson the Charmwright, an amateur OpSk (D:3)
  An orc wizard (D:3)
  2 adders (D:3)
  A worm (D:2)
  A dart slug (D:1)
  4 orcs (D:3)
  A ball python (D:3)
  2 giant cockroaches (D:1)
  6 goblins
  5 hobgoblins
  A bat (D:2)
  A frilled lizard (D:2)
  5 kobolds
  3 rats (D:3)
35 creatures vanquished.

Grand Total: 83 creatures vanquished

Notes
Turn   | Place    | Note
-------+----------+-------------------------------------------
     0 | D:1      | Dysjunc the Gnoll Wizard began the quest for the Orb.
     0 | D:1      | Reached XP level 1. HP: 13/13 MP: 8/8
   438 | D:1      | Reached XP level 2. HP: 19/19 MP: 7/10
   445 | D:1      | Learned a level 2 spell: Blink
   448 | D:1      | Learned a level 2 spell: Call Imp
   797 | D:1      | Reached XP level 3. HP: 25/25 MP: 8/11
   813 | D:1      | Learned a level 2 spell: Slow
   817 | D:1      | Learned a level 3 spell: Conjure Flame
   821 | D:1      | Learned a level 3 spell: Mephitic Cloud
  1059 | D:2      | Reached skill level 1 in Invocations
  1060 | D:2      | Noticed Robin
  1071 | D:2      | Killed Robin
  1071 | D:2      | Reached skill level 1 in Fighting
  1071 | D:2      | Reached skill level 1 in Short Blades
  1071 | D:2      | Reached skill level 1 in Long Blades
  1071 | D:2      | Reached skill level 1 in Axes
  1071 | D:2      | Reached skill level 1 in Maces & Flails
  1071 | D:2      | Reached skill level 1 in Polearms
  1071 | D:2      | Reached skill level 1 in Staves
  1071 | D:2      | Reached skill level 1 in Slings
  1071 | D:2      | Reached skill level 1 in Bows
  1071 | D:2      | Reached skill level 1 in Crossbows
  1071 | D:2      | Reached skill level 1 in Throwing
  1071 | D:2      | Reached skill level 1 in Armour
  1071 | D:2      | Reached skill level 1 in Shields
  1071 | D:2      | Reached skill level 1 in Unarmed Combat
  1071 | D:2      | Reached skill level 1 in Evocations
  1071 | D:2      | Reached XP level 4. HP: 23/32 MP: 1/13
  1760 | D:2      | Reached skill level 1 in Hexes
  1760 | D:2      | Reached skill level 1 in Charms
  1760 | D:2      | Reached skill level 1 in Necromancy
  1760 | D:2      | Reached skill level 1 in Transmutations
  1760 | D:2      | Reached skill level 1 in Fire Magic
  1760 | D:2      | Reached skill level 1 in Ice Magic
  1760 | D:2      | Reached skill level 1 in Air Magic
  1760 | D:2      | Reached skill level 1 in Earth Magic
  1760 | D:2      | Reached skill level 1 in Poison Magic
  2013 | D:3      | Noticed pichaelthompson's ghost (amateur OpSk)
  2199 | D:2      | Noticed Sigmund
  2263 | D:2      | Killed Sigmund
  2263 | D:2      | Reached XP level 5. HP: 23/37 MP: 1/14
  2529 | D:3      | Killed pichaelthompson's ghost
  2529 | D:3      | Reached XP level 6. HP: 22/44 MP: 1/16
  2561 | D:3      | Noticed Grinder
  2995 | D:3      | Noticed a moth of wrath
  2998 | D:3      | Found a bloodstained altar of Trog.
  3017 | D:3      | Slain by a worm

Vault maps used:
D:1:      wheals_arrival_shading
D:2:      first_bread, minmay_bisected, uniq_sigmund, uniq_robin
D:3:      zin_academy, portal_sewer_entry_d, chequers_ecumenical_altar_grove,
          nrook_loot_triangle, tgw_trog, uniq_grinder

Skill      XL: |  1  2  3  4  5 |
---------------+----------------+-----
Conjurations   | 2 |  2.6
Summonings     | 2 |  2.6
Translocations | 2 |  2.6
Invocations    | 1 2 |  2.0
Fighting       | 1 |  1.8
Short Blades   | 1 |  1.8
Long Blades    | 1 |  1.8
Axes           | 1 |  1.8
Maces & Flails | 1 |  1.8
Polearms       | 1 |  1.8
Staves         | 1 |  1.8
Slings         | 1 |  1.8
Bows           | 1 |  1.8
Crossbows      | 1 |  1.8
Throwing       | 1 |  1.8
Armour         | 1 |  1.8
Shields        | 1 |  1.8
Unarmed Combat | 1 |  1.8
Evocations     | 1 |  1.8
Hexes          | 1 |  1.4
Charms         | 1 |  1.4
Necromancy     | 1 |  1.4
Transmutations | 1 |  1.4
Fire Magic     | 1 |  1.4
Ice Magic      | 1 |  1.4
Air Magic      | 1 |  1.4
Earth Magic    | 1 |  1.4
Poison Magic   | 1 |  1.4
Dodging        | |  4.9
Stealth        | |  4.5
Spellcasting   | |  7.4

Action                   |  1- 3 |  4- 6 || total
-------------------------+-------+-------++-------
Melee: Dagger            |    37 |    81 ||   118
       Bite              |       |    13 ||    13
       Punch             |       |     1 ||     1
Throw: Stone             |     3 |       ||     3
 Cast: Magic Dart        |    43 |    17 ||    60
       Call Imp          |    13 |    43 ||    56
       Slow              |       |     5 ||     5
       Conjure Flame     |       |     3 ||     3
       Mephitic Cloud    |       |     1 ||     1
  Use: Scroll            |     5 |     4 ||     9
       Potion            |     1 |     2 ||     3
 Stab: Distracted        |     1 |       ||     1
       Sleeping          |       |     1 ||     1
  Eat: Chunk             |       |     4 ||     4
       Royal jelly       |       |     1 ||     1
Armor: Robe              |     9 |    10 ||    19
Dodge: Dodged            |    35 |    75 ||   110

Table legend:
 A = Spawn XP
 B = Non-spawn XP
 C = Spawn XP percentage of total XP
 D = Spawn monster count
 E = Non-spawn monster count
 F = Spawn count percentage of total count
 G = Total turns spent on level
                    A         B        C        D         E        F      G
               +---------+---------+-------+---------+---------+-------+---------
         Total |       0 |     418 |   0.0 |       0 |      83 |   0.0 |  3017
               +---------+---------+-------+---------+---------+-------+---------
           D:1 |       0 |      39 |   0.0 |       0 |      24 |   0.0 |   918
           D:2 |       0 |     201 |   0.0 |       0 |      36 |   0.0 |  1512
           D:3 |       0 |     178 |   0.0 |       0 |      23 |   0.0 |   587
               +---------+---------+-------+---------+---------+-------+---------
